 Dungeon Crawl Stone Soup version 0.27-a0-200-g8ba017916c (webtiles) character file.

Game seed: 14865851956168307366

242 sanka the Distorting Spriggan (level 5, -1/27 HPs)
             Began as a Spriggan Abyssal Knight on Jan 29, 2021.
             Was a Believer of Lugonu.
             Slain by an adder (3 damage)
             ... on level 4 of the Dungeon.
             The game lasted 00:06:17 (6085 turns).

sanka the Distorting Spriggan (SpAK)                Turns: 6085, Time: 00:06:17

Health: -1/27      AC:  2    Str:  8    XL:     5   Next: 81%
Magic:  10/10      EV: 19    Int: 14    God:    Lugonu [**....]
Gold:   292        SH:  0    Dex: 16    Spells: 4/4 levels left

rFire    . . .     SeeInvis +   a - +1 short sword
rCold    . . .     Faith    .   (shield restricted)
rNeg     . . .     Spirit   .   b - +0 robe
rPois    .         Reflect  .   (helmet restricted)
rElec    .         Harm     .   (no cloak)
rCorr    .         Rampage  .   (gloves unavailable)
Will     .....                  (boots unavailable)
Stlth    +.........             (no amulet)
HPRegen  0.09/turn              (no ring)
MPRegen  0.12/turn              (no ring)

@: very quick
A: very small, unfitting armour, see invisible, speed 3
a: Renounce Religion, Depart the Abyss, Bend Space


You were on level 4 of the Dungeon.
You worshipped Lugonu.
Lugonu was pleased with you.
You visited 1 branch of the dungeon, and saw 4 of its levels.
You visited the Abyss 1 time.

You collected 292 gold pieces.


Innate Abilities, Weirdness & Mutations

You are very small and have problems with some larger weapons.
You are too small for most types of armour.
You have supernaturally acute eyesight. (SInv)
You cover ground extremely quickly.


   Skills:
 + Level 2.5 Fighting
 + Level 2.3 Short Blades
 + Level 3.7 Dodging
 - Level 6.0 Invocations


You had 4 spell levels left.
You didn't know any spells.
Your spell library was empty.

Inventory:

Hand Weapons
 a - a +1 short sword (weapon)
Armour
 b - a +0 robe (worn)
Jewellery
 m - an uncursed ring of fire
 n - an uncursed ring of willpower {unknown}
Scrolls
 d - a scroll of amnesia {unknown}
 e - 2 scrolls of teleportation {unknown}
 f - a scroll of blinking {unknown}
 g - a scroll of enchant weapon {unknown}
 i - 3 scrolls of identify {unknown}
 l - a scroll of random uselessness {unknown}
 o - 2 scrolls of remove curse {unknown}
 q - 2 scrolls of immolation {unknown}
Potions
 c - 2 potions of heal wounds {unknown}
 h - a potion of resistance {unknown}
 j - a potion of curing {@q1}
 k - 2 potions of lignification {unknown}
 p - a potion of flight {unknown}

Dungeon Overview and Level Annotations

Branches:
Dungeon (4/15)
 Temple: D:4-7

Altars:
Qazlal
Yredelemnul

.....▒▒▒▒▒▒▒▒.▒..▒
.................▒
..▒▒▒.▒▒▒▒▒▒▒▒▒..▒
▒.▒ ▒.▒ .........▒
▒+▒ ▒.▒ .▒▒▒▒▒▒▒.▒
▒.▒ ▒.▒ ▒.▒ ▒.▒
▒.▒ ▒.▒ ▒.▒ ▒i▒
▒S▒ ▒.▒ ▒.▒ ..▒
.▒▒ . .. ▒▒▒▒▒


You could see an adder.


Message History

You hit the white imp.
The white imp is severely wounded.
The white imp gestures at you. The puff of frost misses you.
Unknown command.
You hit the white imp.
The white imp is severely wounded.
The white imp hits you. The white imp freezes you.
Unknown command.
You hit the white imp.
The white imp is almost dead.
The white imp closely misses you.
Unknown command.
You hit the white imp but do no damage.
The white imp is almost dead.
The white imp gestures at you. The puff of frost hits you!
* * * LOW HITPOINT WARNING * * *
Unknown command.
You closely miss the white imp.
The white imp is almost dead.
The white imp gestures at you. The puff of frost misses you.
Unknown command.
You hit the white imp.
You kill the white imp!
Lugonu accepts your kill. The adder bites you.
You die...

Action                   |  1- 3 |  4- 6 || total
-------------------------+-------+-------++-------
Melee: Short sword       |   153 |   242 ||   395
  Use: Potion            |       |     1 ||     1
 Stab: Sleeping          |     3 |     3 ||     6
Armor: Robe              |     8 |    14 ||    22
Dodge: Dodged            |   121 |   206 ||   327

Levels and vault maps discovered:
D:1:      evilmike_arrival_plus, layout_loops_ring, minmay_3d_cube
D:2:      layout_loops_corners, chequers_ecumenical_altar_lobes
D:3:      layout_rooms, old_standard_altar, amcnicky_altar_gilded
D:4:      layout_basic, kennysheep_small_spiral

Notes
Turn   | Place    | Note
-------+----------+-------------------------------------------
     0 | Abyss:1  | sanka the Spriggan Abyssal Knight began the quest for the
                  | Orb.
     0 | Abyss:1  | Reached XP level 1. HP: 11/11 MP: 3/3
    15 | Abyss:1  | Found a corrupted altar of Lugonu.
    23 | D:1      | Escaped the Abyss
    55 | D:1      | Reached skill level 2 in Invocations
   197 | D:1      | Reached XP level 2. HP: 16/16 MP: 4/4
   261 | D:1      | Reached skill level 3 in Invocations
   358 | D:1      | Reached ** piety under Lugonu
   674 | D:1      | Reached XP level 3. HP: 19/19 MP: 6/6
   904 | D:2      | HP: 1/19 [worm (9)]
  1277 | D:2      | Found a faded altar of an unknown god.
  1983 | D:2      | Reached skill level 4 in Invocations
  1983 | D:2      | Reached XP level 4. HP: 11/23 MP: 6/8
  3295 | D:3      | Reached skill level 5 in Invocations
  3498 | D:3      | Found a stormy altar of Qazlal.
  3541 | D:3      | Reached XP level 5. HP: 15/27 MP: 9/9
  4378 | D:3      | Found a basalt altar of Yredelemnul.
  5765 | D:4      | Noticed an ogre
  5803 | D:3      | Reached skill level 6 in Invocations
  6083 | D:4      | HP: 2/27 [white imp/puff of frost (12)]
  6085 | D:4      | Slain by an adder

Vanquished Creatures
  A jelly (D:3)
  A bullfrog skeleton (D:2)
  9 adders
  A shadow imp (D:3)
  A white imp (D:4)
  An ooze (D:3)
  A worm (D:2)
  4 dart slugs
  6 leopard geckos
  6 orcs
  6 bats
  3 giant cockroaches
  8 goblins
  3 hobgoblins
  4 jackals (D:1)
  3 quokkas
  7 frilled lizards
  3 kobolds (D:2)
  A leopard gecko skeleton (D:4)
  8 rats
77 creatures vanquished.
